 Dungeon Crawl Stone Soup version 0.27.0-1-g7a089689b8 (webtiles) character file.

Game seed: 4196105845373979321

12 HungrySpirit the Ducker (level 2, 0/22 HPs)
             Began as a Djinni Air Elementalist on July 31, 2021.
             Slain by a kobold (1 damage)
             ... on level 1 of the Dungeon.
             The game lasted 00:00:50 (781 turns).

HungrySpirit the Ducker (Djinni Air Elementalist)    Turns: 781, Time: 00:00:51

Health: 0/22       AC:  2    Str:  7    XL:     2   Next: 45%
Gold:   34         EV: 12    Int: 16    God:
                   SH:  0    Dex: 13

rFire    + + .     SeeInvis .   c - +0 short sword
rCold    x . .     Faith    .   (no shield)
rNeg     . . .     Spirit   .   a - +0 robe
rPois    ∞         Reflect  .   (no helmet)
rElec    .         Harm     .   (no cloak)
rCorr    .         Rampage  .   (no gloves)
Will     .....                  (boots unavailable)
Stlth    ++........             (no amulet)
HPRegen  0.07/turn              (no ring)
MPRegen  0.00/turn              (no ring)

@: flying
A: sickness immunity, fire resistance 2, cold vulnerability 1, float, innate
caster, hp casting, extra vitality 1
a: no special abilities


You were on level 1 of the Dungeon.
You visited 1 branch of the dungeon, and saw 1 of its levels.

You collected 34 gold pieces.

Inventory:

Hand Weapons
 c - a +0 short sword (weapon)
Armour
 a - a +0 robe (worn)
Scrolls
 b - a scroll of teleportation {unknown}


   Skills:
 + Level 1.1 Fighting
 * Level 0.2 Short Blades
 + Level 2.7 Dodging
 - Level 1.5 Stealth
 - Level 2.4 Spellcasting


You couldn't memorise any spells.
You knew the following spells:

 Your Spells              Type           Power      Damage    Failure   Level
a - Shock                 Conj/Air       36%        1d5       8%          1
b - Static Discharge      Conj/Air       9%         N/A       11%         2
c - Swiftness             Air            9%         N/A       22%         3
d - Airstrike             Air            4%         N/A       58%         4
Your spell library was empty.

Dungeon Overview and Level Annotations

Branches:
Dungeon (1/15)

Altars:


Innate Abilities, Weirdness & Mutations

You are immune to sickness and miasma.
You are immune to poison.
Your flesh is very heat resistant. (rF++)
You are vulnerable to cold. (rC-)
You float through the air rather than walking.
You learn spells naturally, not from books.
Your magical power is your life essence.
You have superior vitality. (+4 HP)


Message History

You closely miss the goblin.
The goblin is severely wounded.
The goblin hits you with a +0 dagger.
You hit the goblin.
You kill the goblin!
You see here a +0 dagger.
The quokka bites you but does no damage.
You barely miss the quokka.
The kobold shouts!
The quokka bites you.
You hit the quokka but do no damage. The quokka barely misses you.
The quokka bites you.
You hit the quokka but do no damage. The quokka bites you.
You are too injured to fight recklessly!
You are too injured to fight recklessly!
You are too injured to fight recklessly!
You are too injured to fight recklessly!
You are too injured to fight recklessly!
You hit the quokka.
The quokka is heavily wounded.
The quokka misses you.
You hit the quokka.
You kill the quokka!
You closely miss the kobold. The kobold closely misses you.
You barely miss the kobold. The kobold hits you with a +0 dagger.
You closely miss the kobold. The kobold closely misses you.
You hit the kobold but do no damage. The kobold closely misses you.
You hit the kobold but do no damage. The kobold hits you with a +0 dagger.
* * * LOW HITPOINT WARNING * * *
You hit the kobold but do no damage. The kobold closely misses you.
You barely miss the kobold. The kobold hits you with a +0 dagger.
* * * LOW HITPOINT WARNING * * *
The kobold hits you but does no damage.
You hit the kobold but do no damage. The kobold barely misses you.
You barely miss the kobold. The kobold hits you with a +0 dagger.
* * * LOW HITPOINT WARNING * * *
You hit the kobold.
The kobold is moderately wounded.
The kobold hits you with a +0 dagger.
You die...

#..#...........#
##......#.#.###.#
##......†..#.#
..!......### ###
####.....###....
#............
#.###.###... #+
#)# # #@# #K# ..#
...# ..... .....#
.....## .....#


You could see a kobold.

Vanquished Creatures
  A ball python (D:1)
  A goblin (D:1)
  A hobgoblin (D:1)
  4 jackals (D:1)
  A quokka (D:1)
  A kobold (D:1)
  A rat (D:1)
10 creatures vanquished.

Notes
Turn   | Place    | Note
-------+----------+-------------------------------------------
     0 | D:1      | HungrySpirit the Djinni Air Elementalist began the quest
                  | for the Orb.
     0 | D:1      | Reached XP level 1. HP: 15/15 MP: 0/0
   498 | D:1      | Reached XP level 2. HP: 17/22 MP: 0/0
   624 | D:1      | Reached skill level 1 in Fighting
   780 | D:1      | HP: 1/22 [kobold (3)]
   781 | D:1      | Slain by a kobold

Illustrated notes

Levels and vault maps discovered:
D:1:      noname_arrival_rooms_in_the_neighbourhood, layout_loops_corners,
          ebering_ecumenical_altar_mist

Skill      XL: |  1  2 |
---------------+-------+-----
Fighting       | 1 |  1.1
Short Blades   | |  0.2
Dodging        | |  2.7
Stealth        | |  1.5
Spellcasting   | |  2.4

Action                   || total
-------------------------++-------
Melee: Unarmed           ||     9
       Short sword       ||    28
 Cast: Shock             ||    12
Armor: Robe              ||     7
Dodge: Dodged            ||    20
